 Dungeon Crawl Stone Soup version 0.24-a0-582-g4d4af813a0 (webtiles) character file.

Game seed: 11618620271291350119

5 Esekla the Skirmisher (level 1, -11/16 HPs)
             Began as an Octopode Abyssal Knight on Aug 27, 2019.
             Was a Follower of Lugonu.
             Mangled by a tentacle (22 damage)
             ... attached to a kraken
             ... on level 1 of the Abyss.
             The game lasted 00:06:24 (512 turns).

Esekla the Skirmisher (Octopode Abyssal Knight)      Turns: 512, Time: 00:06:24

Health: -11/16     AC:  1    Str: 11      XL:     1   Next: 80%
Magic:  2/2        EV: 13    Int: 11 (14) God:    Lugonu [*.....]
Gold:   182        SH:  0    Dex: 11      Spells: 0/0 levels left

rFire    . . .     SeeInvis .   a - +1 falchion
rCold    . . .     Gourm    .   (no shield)
rNeg     . . .     Faith    .   (helmet restricted)
rPois    .         Spirit   .   (no amulet)
rElec    .         Reflect  .   (no ring)
rCorr    .         Harm     .   (no ring)
MR       .....                  (no ring)
Stlth    ++........             (no ring)
HPRegen  0.05/turn              (no ring)
MPRegen  0.08/turn              (no ring)
                                (no ring)
                                (no ring)

@: no status effects
A: almost no armour, stealthy swim, amphibious, 8 rings, constrict 8, camouflage
1, gelatinous body 1
a: Depart the Abyss, Renounce Religion


You were on level 1 of the Abyss.
You worshipped Lugonu.
Lugonu was aware of your devotion.
You were not hungry.

You visited 0 branches of the dungeon, and saw 0 of its levels.
You visited the Abyss 1 time.

You collected 182 gold pieces.

Inventory:

Hand Weapons
 a - a +1 falchion (weapon)
Scrolls
 d - a scroll of fog {unknown}
Potions
 c - a potion of cancellation {unknown}
Comestibles
 b - a ration


   Skills:
 + Level 3.1 Fighting
 * Level 2.1 Long Blades
 * Level 2.5 Dodging
 + Level 2.0 Invocations


You couldn't memorise any spells.
You didn't know any spells.
Your spell library was empty.

Dungeon Overview and Level Annotations

Branches:
Dungeon (0/15)

Altars:


Innate Abilities, Weirdness & Mutations

You cannot wear most types of armour.
You are very stealthy in the water. (Stealth+)
You are amphibious.
You can wear up to eight rings at the same time.
You can use your tentacles to constrict eight enemies at once.
Your skin changes colour to match your surroundings (Stealth+).
Your rubbery body absorbs attacks. (AC +1, EV +1)


Message History

A thrashing horror comes into view.
You start resting.
You are suddenly pulled into a different region of the Abyss!
A large abomination comes into view.
A deep elf demonologist comes into view.
It is wielding a +0 dagger.
An orange demon comes into view.
The sun demon shouts!
Found a shiny ring mail.
A kraken comes into view.
Found a whip.
Found a gateway leading out of the Abyss.
Tentacles burst out of the water!
The sun demon barely misses you.
You riposte.
You closely miss the sun demon.
Your grab misses the sun demon. 4 tentacles come into view.
There is a gateway leading out of the Abyss here.
The tentacle closely misses you.
You riposte.
You hit the tentacle but do no damage. The tentacle closely misses you. x2
The tentacle slaps you!!
Ouch! That really hurt!
You die...

##.. #.#..##.#.
##.#.###X.[##...
#.#....#.#.##.#
.....≈≈..≈....##.
#..≈≈≈≈≈≈≈.......
..≈.≈≈≈≈≈≈≈≈.....
#..≈≈≈≈≈≈≈≈≈≈....
.#.≈.≈w3≈≈≈≈.#..#
#..≈≈Xw@≈≈≈.≈.)..
..≈≈≈≈ww≈≈≈≈....#
..≈≈≈≈≈≈≈≈≈≈≈.#.#
#.≈≈≈≈≈≈≈≈≈≈≈.##
.#..≈≈≈.≈≈.≈.##
#..≈.≈.≈≈.....
#.###.####.#.##
## ## .#..


You could see a kraken, a sun demon, a large abomination and 4 tentacles.

Vanquished Creatures
  An ufetubus (Abyss:1)
1 creature vanquished.

Vanquished Creatures (others)
  A neqoxec (Abyss:1)
1 creature vanquished.

Grand Total: 2 creatures vanquished

Notes
Turn   | Place    | Note
-------+----------+-------------------------------------------
     0 | Abyss:1  | Esekla the Octopode Abyssal Knight began the quest for the
                  | Orb.
     0 | Abyss:1  | Reached XP level 1. HP: 16/16 MP: 2/2
    67 | Abyss:1  | Noticed a small abomination
    78 | Abyss:1  | Noticed a starcursed mass
   100 | Abyss:1  | Noticed an iron imp
   171 | Abyss:1  | Noticed a neqoxec
   219 | Abyss:1  | Killed a neqoxec
   240 | Abyss:1  | Noticed a large abomination
   251 | Abyss:1  | Noticed a neqoxec
   319 | Abyss:1  | Noticed a thrashing horror
   422 | Abyss:1  | Noticed a large abomination
   455 | Abyss:1  | Noticed a deep elf demonologist
   471 | Abyss:1  | Noticed an orange demon
   494 | Abyss:1  | Noticed a sun demon
   504 | Abyss:1  | Noticed a kraken
   512 | Abyss:1  | Mangled by a tentacle

Levels and vault maps discovered:
Abyss:1:  lemuel_firewalk_3, hangedman_decor_lopped,
          eino_small_chamber_without_monster, evilmike_abyss_exit_kraken

Action                   || total
-------------------------++-------
Melee: Falchion          ||     4
       Constrict         ||     2
       Tentacles         ||     1
Armor: Skin              ||     1
Dodge: Dodged            ||     9
       Rpst.: Falchion   ||     3

Table legend:
 A = Non-vault XP
 B = Vault XP
 C = Vault XP percentage of total XP
 D = Non-vault monster count
 E = Vault monster count
 F = Vault count percentage of total count
                 A         B        C        D         E       F
            +---------+---------+-------+---------+---------+-------
      Total |       8 |       0 |   0.0 |       1 |       0 |   0.0
            +---------+---------+-------+---------+---------+-------
    Abyss:1 |       8 |       0 |   0.0 |       1 |       0 |   0.0
            +---------+---------+-------+---------+---------+-------
